 Dungeon Crawl Stone Soup version 0.31-a0-331-geda263fcf1 (webtiles) character file.

Game seed: 1742211174494711383

69 RocketPapaya413 the Slasher (level 4, -3/38 HPs)
             Began as a Meteoran Berserker on July 20, 2023.
             Was a Believer of Trog.
             Slain by a sky beast (7 damage)
             ... on level 4 of the Dungeon.
             The game lasted 00:07:16 (794 turns).

RocketPapaya413 the Slasher (Meteoran Berserker)     Turns: 794, Time: 00:07:17

Health: -3/38      AC:  6    Str: 21    XL:     4   Next: 70%
Magic:  5/5        EV: 10    Int:  8    God:    Trog [**....]
Gold:   150        SH:  0    Dex: 13    Spells: 3/3 levels left

rFire   + . .        a - +0 falchion
rCold   . . .        (no shield)
rNeg    . . .        d - +0 scale mail
rPois   .            (no helmet)
rElec   .            f - scarf {harm}
rCorr   .            (no gloves)
SInv    .            (no boots)
Will    .....        (no amulet) Stlth
                     m - ring of protection from fire
HPRegen 0.26/turn    (no ring)
MPRegen 0.09/turn

%: harm (+30% outgoing, +20% incoming)
@: glowing
A: sense surroundings 1, otherworldly, glowing, explore regen
a: Renounce Religion, Berserk, Trog's Hand


You were on level 4 of the Dungeon.
You worshipped Trog.
Trog was pleased with you.
You visited 1 branch of the dungeon, and saw 4 of its levels.

You collected 150 gold pieces.

Inventory:

Hand Weapons
 a - a +0 falchion (weapon)
Armour
 b - a +0 animal skin
 d - a +0 scale mail (worn)
 f - a scarf of harm (worn)
Jewellery
 m - a ring of protection from fire (left hand)
Talismans
 c - a maw talisman
Scrolls
 g - a scroll of fog
 j - a scroll of teleportation
 n - 2 scrolls of noise
Potions
 i - a potion of curing
 k - a potion of resistance {unknown}
 l - a potion of brilliance {unknown}


   Skills:
 - Level 3.2 Fighting
 * Level 6.0 Long Blades
 - Level 2.4 Armour
 - Level 2.4 Dodging


You had 3 spell levels left.
You didn't know any spells.
Your spell library was empty.

Dungeon Overview and Level Annotations

Branches:
Dungeon (4/15) Zot: 1599   Temple (0/1) D:4

Altars:
Gozag

Shops:
D:4 (*


Innate Abilities, Weirdness & Mutations

You passively map a small area around you.
You are easily found by Zot.
You glow in the dark.
You regain HP and MP as you explore.


Message History

The hobgoblin hits you.
You slash the hobgoblin!
You kill the hobgoblin!
Trog accepts your kill.
Your Long Blades skill increases to level 6!
You see here a hobgoblin corpse.
Found Gozag's Platinum Reserve.
Why would you want to do that?
Found a leather armour.
There is an opulent altar of Gozag here.
There is an entrance to Gozag's Platinum Reserve here.
There is an opulent altar of Gozag here.
Why would you want to do that?
A sky beast comes into view.
You hit the sky beast but do no damage. The sky beast hits you.
The sky beast shocks you.
You slash the sky beast!
The sky beast is moderately wounded.
The sky beast hits you. The sky beast shocks you.
You completely miss the sky beast.
The sky beast is moderately wounded.
The sky beast misses you.
You miss the sky beast.
The sky beast is moderately wounded.
The sky beast barely misses you.
You hit the sky beast.
The sky beast is heavily wounded.
The sky beast misses you.
You closely miss the sky beast.
The sky beast is heavily wounded.
The sky beast flickers out of sight!
Deactivating autopickup; reactivate with Ctrl-A.
Something hits you. Something shocks you.
You miss something. Something hits you but does no damage.
You miss something. Something hits you. Something shocks you.
* * * LOW HITPOINT WARNING * * *
You hit something. Something hits you.
* * * LOW HITPOINT WARNING * * *
Something shocks you.
You die...

#..#≈.. #..#≈.⌠ #...≈..
#.##≈.⌠
#############.#.≈.. #
................≈≈.
###.#####..........#..≈.
#..................#..≈.
#...{@##.........#..≈≈
#....#...........#....
#..#..#............#..#.
#,..###............#..#.
#.. , ##...#########..#.
#. , .#..# #..#. #
...#.# #..#. *, ....#.#
#.... .... .# #...#


There were no monsters in sight!

Vanquished Creatures
  3 adders
  A dart slug (D:3)
  An orc (D:3)
  5 ball pythons
  4 bats
  3 endoplasms
  2 goblins
  5 hobgoblins
  4 jackals (D:1)
  3 kobolds
  3 frilled lizards
  2 rats (D:1)
36 creatures vanquished.

Notes
Turn   | Place    | Note
-------+----------+-------------------------------------------
     0 | D:1      | RocketPapaya413 the Meteoran Berserker began the quest for
                  | the Orb.
     0 | D:1      | Reached XP level 1. HP: 19/19 MP: 2/2
    84 | D:1      | Reached skill level 4 in Long Blades
   120 | D:1      | Reached XP level 2. HP: 24/26 MP: 3/3
   211 | D:1      | Reached XP level 3. HP: 31/31 MP: 4/4
   340 | D:2      | Reached skill level 5 in Long Blades
   367 | D:2      | Reached ** piety under Trog
   438 | D:2      | Reached XP level 4. HP: 30/38 MP: 5/5
   498 | D:4      | Found Isaoff's Antique Weapon Shoppe.
   738 | D:4      | Found a staircase to the Ecumenical Temple.
   747 | D:4      | Found an opulent altar of Gozag.
   750 | D:4      | Reached skill level 6 in Long Blades
   751 | D:4      | Found Gozag's Platinum Reserve.
   783 | D:4      | Noticed a sky beast
   794 | D:4      | Slain by a sky beast

Illustrated notes

Levels and vault maps discovered:
D:1:      dpeg_arrival_three_same_balls, layout_basic
D:2:      layout_rooms
D:3:      layout_basic
D:4:      layout_basic, nicolae_gozag_zags_fifth_avenue,
          mainiacjoe_overflow_six_doors_small, minmay_temple_entry_statues,
          serial_shops, nicolae_shop_bloodbath_and_beyond, skrybe_limestone_x,
          grunt_decor_resistance, nicolae_stop_n_shop_2, minmay_misc_feat_chi

Skill      XL: |  1  2  3  4 |
---------------+-------------+-----
Long Blades    | 4 5 6 |  6.0
Fighting       | |  3.2
Armour         | |  2.4
Dodging        | |  2.4

Action                     |  1- 3 |  4- 6 || total
---------------------------+-------+-------++-------
  Melee: Falchion          |    81 |    33 ||   114
    Use: Scroll            |       |     6 ||     6
 Armour: Scale mail        |    48 |    14 ||    62
  Dodge: Dodged            |    29 |     7 ||    36

Table legend: (Time is in decaauts)
 A = Elapsed time spent in this place.
 B = Non-inter-level travel time spent in this place.
 C = Inter-level travel time spent in this place.
 D = Time resting spent in this place.
 E = Time spent auto-exploring this place.
 F = Levels seen in this place.
 G = Mean time per level.
                   A        B        C        D        E       F      G
               +--------+--------+--------+--------+--------+-----+--------+
         Total |    799 |    799 |      0 |      0 |      0 |   4 |  199.8 |
       Dungeon |    799 |    799 |      0 |      0 |      0 |   4 |  199.8 |
               +--------+--------+--------+--------+--------+-----+--------+

Top non-repeatable levels by time:
     D:1: 320 daAuts
     D:3: 219 daAuts
     D:2: 131 daAuts
     D:4: 127 daAuts
